 Dungeon Crawl Stone Soup version 0.30-a0-883-g5ad918d77d (webtiles) character file.

Game seed: 12714348376165996100

30 Lobster4 the Caller (level 3, 0/28 HPs)
             Began as a Hill Orc Summoner on Mar 16, 2023.
             Killed from afar by Ijyb (8 damage)
             ... with a puff of flame
             ... on level 2 of the Dungeon.
             The game lasted 00:03:26 (1043 turns).

Lobster4 the Caller (Hill Orc Summoner)             Turns: 1043, Time: 00:03:27

Health: 0/28       AC:  2    Str: 10    XL:     3   Next: 20%
Magic:  2/5        EV: 12    Int: 17    God:
Gold:   94         SH:  0    Dex: 11    Spells: 2/5 levels left

rFire   . . .      SeeInvis .    l - +1 mace (protect)
rCold   . . .      Faith    .    (no shield)
rNeg    . . .      Spirit   .    a - +0 robe
rPois   .          Reflect  .    (no helmet)
rElec   .          Rampage  .    (no cloak)
rCorr   .                        (no gloves)
Will    .....                    (no boots)
Stlth   ++                       (no amulet)
HPRegen 0.24/turn                (no ring)
MPRegen 0.09/turn                (no ring)

@: no status effects
A: no striking features
a: no special abilities


You were on level 2 of the Dungeon.
You visited 1 branch of the dungeon, and saw 2 of its levels.

You collected 94 gold pieces.

Inventory:

Hand Weapons
 e - a +0 short sword
 i - a +0 whip
 l - a +1 mace of protection (weapon)
Missiles
 d - 13 stones
Armour
 a - a +0 robe (worn)
 n - a +0 ring mail
Scrolls
 c - a scroll of teleportation {unknown}
 f - 2 scrolls of identify {unknown}
 h - a scroll of fear {unknown}
 k - a scroll of blinking {unknown}
 m - a scroll of torment {unknown}
 o - a scroll of immolation {unknown}
Potions
 b - a potion of magic
 j - a potion of resistance {unknown}


   Skills:
 + Level 1.2 Fighting
 + Level 0.4 Maces & Flails
 + Level 1.0 Armour
 + Level 1.8 Dodging
 + Level 1.8 Stealth
 + Level 1.8 Spellcasting
 + Level 4.1 Summonings


You had 2 spell levels left.
You knew the following spells:

 Your Spells              Type           Power      Damage    Failure   Level
a - Summon Small Mammal   Summ           60%        N/A       3%          1
b - Call Imp              Summ           15%        N/A       5%          2

Your spell library contained the following spells:

 Spells                   Type           Power      Damage    Failure   Level
 Slow                     Hex            4%         N/A       21%         1
 Call Canine Familiar     Summ           15%        N/A       11%         3
 Summon Guardian Golem    Hex/Summ       8%         N/A       26%         3
 Confusing Touch          Hex            1%         N/A       52%         3
 Vampiric Draining        Necr           1%         2d6       52%         3
 Summon Lightning Spire   Summ/Air       8%         N/A       63%         4


Dungeon Overview and Level Annotations

Branches:
Dungeon (2/15)

Altars:

Annotations:
D:2 Ijyb


Message History

Your bat completely misses Ijyb.
Your quokka bites Ijyb but does no damage.
Ijyb zaps a wand.
The puff of flame hits you! Ijyb hits you but does no damage.
You closely miss Ijyb.
Ijyb is moderately wounded.
Your bat hits Ijyb but does no damage. x2
Your quokka bites Ijyb but does no damage.
Ijyb hits you but does no damage.
Your quokka bites Ijyb.
You barely miss Ijyb.
Ijyb is moderately wounded.
Your bat misses Ijyb.
Your bat barely misses Ijyb.
Ijyb hits you with a +0 club.
Your quokka bites Ijyb.
Your bat closely misses Ijyb.
Ijyb hits you with a +0 club.
* * * LOW HITPOINT WARNING * * *
You barely miss Ijyb.
Ijyb is moderately wounded.
Your bat hits Ijyb but does no damage.
Your quokka closely misses Ijyb. x2
Ijyb hits you with a +0 club.
* * * LOW HITPOINT WARNING * * *
You closely miss Ijyb.
Ijyb is moderately wounded.
Your bat hits Ijyb.
Your quokka barely misses Ijyb.
Ijyb screams at your bat, "Level is mine!
All mine!"
Ijyb zaps a wand.
The puff of flame hits your bat!
Your bat dies!
Your bat's corpse disappears in a puff of smoke!
Your quokka closely misses Ijyb.
Ijyb shouts!
You closely miss Ijyb.
Ijyb is moderately wounded.
The goblin hits you with a +1 vampiric dagger.
* * * LOW HITPOINT WARNING * * *
Ijyb barely misses you.
Your quokka closely misses Ijyb.
The goblin hits you with a +1 vampiric dagger.
* * * LOW HITPOINT WARNING * * *
Ijyb hits you with a +0 club.
* * * LOW HITPOINT WARNING * * *
It was a potion of curing.
You feel better.
Your quokka barely misses Ijyb.
The goblin completely misses you.
Ijyb zaps a wand.
The puff of flame hits you!
You die...

#.# #.# #.# #### #.#
....####### #.#
#........# ########.#
#........# #........##
#.....gr.# #.#........
.##.....@..# #.#.###.#.#
........g..####.#.# #.#.#
..............#.#.###.#.#
#8....)8#.###.)..........
#....$..#.# ###.#.###....
#8.....8#.# #.#.# ###..
#....$..#.# #.#.####..#
#8.....8#.# #.#........
#.......#.#####.#####..##


You could see Ijyb (ally target), a goblin and a friendly quokka (summoned).

Vanquished Creatures
  An adder (D:2)
  2 endoplasms (D:1)
  A giant cockroach (D:1)
  A goblin (D:2)
  A quokka (D:1)
  2 ball pythons
  3 frilled lizards (D:1)
  3 kobolds (D:1)
14 creatures vanquished.

Vanquished Creatures (collateral kills)
  An endoplasm (D:1)
  3 goblins
  A quokka (D:1)
  A bat (D:2)
  A frilled lizard (D:1)
7 creatures vanquished.

Grand Total: 21 creatures vanquished

Notes
Turn   | Place    | Note
-------+----------+-------------------------------------------
     0 | D:1      | Lobster4 the Hill Orc Summoner began the quest for the Orb.
     0 | D:1      | Reached XP level 1. HP: 14/14 MP: 3/3
   321 | D:1      | Reached XP level 2. HP: 19/22 MP: 1/4
   327 | D:1      | Learned a level 2 spell: Call Imp
   616 | D:1      | Reached skill level 1 in Fighting
   827 | D:2      | Reached XP level 3. HP: 28/28 MP: 3/5
   891 | D:2      | Noticed Ijyb
   897 | D:2      | Reached skill level 1 in Armour
  1042 | D:2      | HP: 1/28 [Ijyb/+0 club (1)]
  1043 | D:2      | Killed from afar by Ijyb

Illustrated notes

Levels and vault maps discovered:
D:1:      minmay_arrival_up_and_down, layout_rooms
D:2:      kennysheep_the_goblin_king, layout_basic, basic_altar,
          nicolae_figureground_sparkle

Skill      XL: |  1  2  3 |
---------------+----------+-----
Fighting       | 1 |  1.2
Armour         | 1 |  1.0
Maces & Flails | |  0.4
Dodging        | |  1.8
Stealth        | |  1.8
Spellcasting   | |  1.8
Summonings     | |  4.1

Action                     || total
---------------------------++-------
  Melee: Short sword       ||    20
         Unarmed           ||     8
         Punch             ||     1
         Whip              ||    16
         Mace              ||    12
   Cast: Summon Small Mamm ||    23
         Call Imp          ||     1
    Use: Potion            ||     1
   Stab: Sleeping          ||     1
 Armour: Robe              ||     9
  Dodge: Dodged            ||    46

Table legend: (Time is in decaauts)
 A = Elapsed time spent in this place.
 B = Non-inter-level travel time spent in this place.
 C = Inter-level travel time spent in this place.
 D = Time resting spent in this place.
 E = Time spent auto-exploring this place.
 F = Levels seen in this place.
 G = Mean time per level.
                   A        B        C        D        E       F      G
               +--------+--------+--------+--------+--------+-----+--------+
         Total |   1047 |   1013 |     34 |    100 |    607 |   2 |  523.5 |
       Dungeon |   1047 |   1013 |     34 |    100 |    607 |   2 |  523.5 |
               +--------+--------+--------+--------+--------+-----+--------+

Top non-repeatable levels by time:
     D:1: 722 daAuts
     D:2: 325 daAuts
